AoeStats
← DukeClapperOfCheekville

Oasis

509307151Analyzed
2v2 RM · 5d ago on Sep 26, 2026· 60m 37s· 4 players
Game mode
Random Map
Map size
Medium (4 player)
Population
200
Speed
Normal
Resources
Standard
Victory
Conquest
Starting age
Dark Age
Ending age
Imperial Age
RankedLock teamsTeams togetherTeam positionsShared explorationLock speedFull tech treeHidden civsTurbo modeCheats
Victory
Defeat
🇩🇪 Maya · Germany
1288
+11
🇹🇼 Khmer · Taiwan
1228
+13
🇺🇸 Danes · United States
1216
-14
🇲🇽 Portuguese · Mexico
1115
-24
GNULINUX
2:05 Loom
8:07 Loom
10:20 Feudal Age
12:12 Double-Bit Axe
18:37 Castle Age
19:42 Fletching
19:57 Scale Barding Armor
20:04 Forging
20:15 Bow Saw
20:57 Gold Mining
22:32 Husbandry
23:27 Wheelbarrow
23:36 Bloodlines
23:15 Horse Collar
26:18 Gold Shaft Mining
30:16 Bodkin Arrow
31:24 Hand Cart
36:11 Ballistics
38:29 Imperial Age
36:52 Chain Barding Armor
36:33 Padded Archer Armor
37:44 Stone Mining
38:51 Leather Archer Armor
39:52 Stone Shaft Mining
40:05 Hoardings
41:37 Chemistry
40:40 Bracer
41:18 Light Cavalry
42:18 Hussar
43:41 Plate Barding Armor
44:09 Iron Casting
50:07 Heavy Plow
51:31 Conscription
61:44 Hoardings
MZTK / Dampflok
0:31 Loom
9:18 Feudal Age
17:20 Castle Age
15:51 Double-Bit Axe
16:27 Horse Collar
18:19 Bow Saw
18:23 Fletching
22:27 Heavy Plow
26:41 Wheelbarrow
26:02 Gold Mining
27:02 Town Watch
28:27 Stone Mining
29:54 Bodkin Arrow
31:13 Ballistics
34:38 Imperial Age
32:32 Padded Archer Armor
33:29 Thumb Ring
35:20 Bracer
36:29 Chemistry
34:53 Capped Ram
36:21 Hand Cart
37:24 Conscription
37:08 Elite Plumed Archer
38:11 Leather Archer Armor
38:32 Masonry
39:06 Coinage
39:38 Ring Archer Armor
38:54 Eagle Warrior
39:35 Squires
39:36 Scale Mail Armor
41:50 Chain Mail Armor
41:08 Elite Eagle Warrior
42:13 Forging
43:39 Hoardings
44:49 Plate Mail Armor
46:21 Iron Casting
47:21 Banking
46:49 Arson
48:23 Blast Furnace
50:23 Guilds
52:56 Stone Shaft Mining
53:20 Caravan
54:52 Fortified Wall
55:13 Architecture
55:32 Treadmill Crane
59:09 Elite Skirmisher
59:58 Hul'che Javelineers
Ziggy
7:07 Loom
9:28 Feudal Age
10:04 Double-Bit Axe
10:00 Horse Collar
15:36 Fletching
21:01 Castle Age
19:35 Padded Archer Armor
19:31 Gold Mining
21:11 Crossbowman
21:47 Bodkin Arrow
22:21 Thumb Ring
23:01 Ballistics
23:29 Bow Saw
27:16 Leather Archer Armor
30:20 Imperial Age
30:12 Stone Mining
31:06 Bracer
32:09 Chemistry
31:48 Arbalester
34:46 Wheelbarrow
40:34 Leather Archer Armor
44:50 Hand Cart
45:31 Elite Skirmisher
46:43 Ring Archer Armor
51:25 Conscription
55:42 Siege Engineers
DukeClapperOfCheekville
7:54 Loom
8:00 Loom
10:06 Feudal Age
14:37 Castle Age
12:35 Double-Bit Axe
13:46 Horse Collar
19:18 Bow Saw
19:39 Fletching
20:44 Padded Archer Armor
20:40 Elite Skirmisher
21:17 Bodkin Arrow
23:03 Leather Archer Armor
24:40 Arson
24:56 Squires
27:47 Wheelbarrow
29:13 Gambesons
29:45 Scale Mail Armor
30:25 Forging
34:28 Imperial Age
32:42 Hand Cart
32:13 Town Watch
35:31 Gold Mining
36:46 Onager
38:09 Gold Shaft Mining
38:27 Conscription
38:15 Siege Onager
38:56 Town Patrol
39:41 Siege Engineers
39:20 Northmen's Fury
41:49 Thumb Ring
42:59 Bracer
43:29 Ring Archer Armor
45:51 Chain Mail Armor
45:27 Elite Varangian Guard
47:43 Plate Mail Armor
48:44 Iron Casting
Connection lost

Rejoining the realm…

Still unreachable

The connection could not be restored.

Session expired

The server has moved on; the page needs a fresh start.